 Dungeon Crawl Stone Soup version 0.28.0-53-g5a82cb258f (webtiles) character file.

Game seed: 17122507969344934330

443 styxcanada the Covert (level 6, 0/32 HPs)
             Began as a Spriggan Brigand on June 22, 2022.
             Succumbed to an orc's poison
             ... on level 5 of the Dungeon.
             The game lasted 00:13:46 (4499 turns).

styxcanada the Covert (Spriggan Brigand)            Turns: 4499, Time: 00:13:46

Health: 0/32       AC:  3    Str:  7    XL:     6   Next: 71%
Magic:  16/16      EV: 18    Int: 13    God:
Gold:   175        SH:  6    Dex: 20    Spells: 5/5 levels left

rFire   . . .      SeeInvis +   k - +2 short sword (elec)
rCold   . . .      Faith    .   x - +0 buckler
rNeg    . . .      Spirit   .   b - +0 robe
rPois   .          Reflect  .   (helmet restricted)
rElec   .          Harm     .   c - +0 cloak
rCorr   .          Rampage  .   (gloves unavailable)
Will    +....                   (boots unavailable)
Stlth   ++++......              (no amulet)
HPRegen 0.10/turn               u - ring of magical power
MPRegen 0.15/turn               (no ring)

@: lethally poisoned (0 -> -7), very quick
A: very small, no large weapons, unfitting armour, see invisible, speed 3, fangs
1, agile 1, devolution 1
a: no special abilities


You were on level 5 of the Dungeon.
You visited 1 branch of the dungeon, and saw 5 of its levels.

You collected 175 gold pieces.

Inventory:

Hand Weapons
 a - a +2 dagger
 h - a +0 hunting sling
 k - a +2 short sword of electrocution (weapon)
 q - a +2 vorpal morningstar
Missiles
 d - 17 poisoned darts (quivered)
 e - 2 curare-tipped darts
 f - 147 stones
 p - 29 sling bullets
Armour
 b - a +0 robe (worn)
 c - a +0 cloak (worn)
 x - a +0 buckler (worn)
Jewellery
 u - a ring of magical power (left hand)
 y - a ring of fire
Scrolls
 g - 2 scrolls of teleportation
 l - 2 scrolls of silence
 w - a scroll of fear
Potions
 i - 2 potions of lignification
 j - a potion of resistance
 n - a potion of flight
 o - a potion of cancellation
 t - a potion of haste {unknown}
 v - a potion of degeneration {unknown}
 z - a potion of berserk rage {unknown}
 A - a potion of ambrosia {unknown}


   Skills:
 * Level 2.6 Fighting
 + Level 3.6 Short Blades
 + Level 2.3 Throwing
 * Level 4.1 Dodging
 * Level 9.3 Stealth
 * Level 0.5 Shields


You had 5 spell levels left.
You didn't know any spells.
Your spell library contained the following spells:

 Spells                   Type           Power      Damage    Failure   Level
 Sublimation of Blood     Necr           0%         N/A       71%         2
 Wereblood                Tmut           0%         N/A       71%         2
 Summon Hydra             Summ           0%         N/A       100%        7


Dungeon Overview and Level Annotations

Branches:
Dungeon (5/15)
 Temple: D:4-7

Altars:
Ashenzari
Hepliaklqana
Sif Muna
Zin


Innate Abilities, Weirdness & Mutations

You are very small and have problems with some larger weapons.
You are too small for most types of armour.
You have supernaturally acute eyesight. (SInv)
You cover ground extremely quickly. (Speed+++)
You have very sharp teeth.
You are agile. (Dex +2)
You have hidden genetic defects.


Message History

Throw: 19 darts (poison)
Press: ? - help, Q - select action, (/) - cycle Shift-Dir - straight line, f - orc
Aim: an orc, wielding a +0 whip and wearing a +0 ring mail (heavily wounded, 68% to hit)
You throw a poisoned dart. The poisoned dart hits the orc.
The orc is poisoned.
The orc is heavily wounded.
You feel sick.
The orc hits the fungus with a +2 dagger of venom.
The fungus looks as sick as possible!
A nearby fungus withers and dies.
The black bear bites the fungus.
The fungus begins to die.
The black bear claws the fungus. x2
You feel sick.
A nearby fungus withers and dies.
Found a scroll of identify.
You feel sick.
You are no longer poisoned.
You kill the orc!
Throw: 18 darts (poison)
Press: ? - help, Q - select action, (/) - cycle Shift-Dir - straight line, f - orc
Aim: an orc, wielding a +2 dagger of venom (64% to hit)
You throw a poisoned dart.
The poisoned dart closely misses the orc.
The poisoned dart hits the fungus.
You barely miss the orc.
A nearby fungus withers and dies.
The orc barely misses you. x2
You hit the orc.
The orc is almost dead.
The orc hits you with a +2 dagger of venom.
* * * LOW HITPOINT WARNING * * *
You are lethally poisoned!
* * * LOW HITPOINT WARNING * * *
You feel sick.
* * * LOW HITPOINT WARNING * * *
You feel sick.
It was a potion of flight.
You feel very buoyant.
You fly up into the air.
* * * LOW HITPOINT WARNING * * *
You feel sick.
It was a potion of cancellation.
Your magical effects are unravelling.
You feel magically purged.
You float gracefully downwards.
You die...

.....≈? ....≈#
...≈≈# ...≈# #≈.≈#
#####.#≈#
#####....o.#
#...)....#h##
##(###....#.@#
#............#
#.P....PP.P....
#.P.......P.....
#.P.P...P.P.....
#.P.P._.P.P......
##.P.P...P.P.......
#<.P.......P........
#..P.PPPPP.P...


You could see a black bear and an orc.

Vanquished Creatures
  2 ogres
  A scorpion (D:3)
  A hound (D:4)
  Jessica (D:3)
  An orc wizard (D:4)
  5 adders
  An ufetubus (D:5)
  An adder skeleton (D:4)
  5 orcs
  6 endoplasms
  A giant cockroach (D:4)
  6 goblins
  7 hobgoblins
  10 jackals
  5 quokkas
  7 ball pythons
  A bat (D:1)
  5 frilled lizards
  7 kobolds
  8 rats
81 creatures vanquished.

Vanquished Creatures (others)
  3 fungi (D:5)
  8 plants (D:3)
11 creatures vanquished.

Grand Total: 92 creatures vanquished

Notes
Turn   | Place    | Note
-------+----------+-------------------------------------------
     0 | D:1      | styxcanada the Spriggan Brigand began the quest for the
                  | Orb.
     0 | D:1      | Reached XP level 1. HP: 10/10 MP: 2/2
    30 | D:1      | Reached skill level 6 in Stealth
   111 | D:1      | Reached XP level 2. HP: 9/15 MP: 3/3
  1002 | D:1      | Reached skill level 7 in Stealth
  1010 | D:1      | Reached XP level 3. HP: 18/18 MP: 4/4
  1159 | D:2      | Found a faded altar of an unknown god.
  1664 | D:2      | Noticed an ogre
  1671 | D:2      | Killed an ogre
  1672 | D:2      | Reached skill level 8 in Stealth
  1672 | D:2      | Reached XP level 4. HP: 23/23 MP: 5/5
  1672 | D:2      | Reached XP level 5. HP: 26/26 MP: 6/6
  2120 | D:3      | Noticed Jessica
  2150 | D:3      | Killed Jessica
  2624 | D:3      | Identified the +2 chain mail of the Game of Kings {rCorr
                  | Int+4 Stlth-}
  2866 | D:3      | Found a hazy altar of Hepliaklqana.
  3306 | D:4      | Reached XP level 6. HP: 31/32 MP: 7/7
  3343 | D:4      | Reached skill level 9 in Stealth
  3776 | D:4      | Gained mutation: You are agile. (Dex +2) [potion of
                  | mutation]
  3776 | D:4      | Gained mutation: You have hidden genetic defects. [potion
                  | of mutation]
  3776 | D:4      | Gained mutation: You have very sharp teeth. [potion of
                  | mutation]
  3856 | D:4      | Found a glowing silver altar of Zin.
  4085 | D:4      | Found a shimmering blue altar of Sif Muna.
  4464 | D:5      | Entered Level 5 of the Dungeon
  4464 | D:5      | Found a broken altar of Ashenzari.
  4499 | D:5      | Succumbed to an orc's poison

Illustrated notes

Levels and vault maps discovered:
D:1:      lemuel_arrival_behind_the_door_large, layout_loops_ring, minivault_24,
          minmay_pentomino_t2
D:2:      layout_loops_corners, dreamdust_ecumenical_altar_statues
D:3:      layout_basic, nicolae_hepliaklqana_hippocampus, serial_bayou,
          serial_bayou_pond_b, serial_bayou_shore_b, serial_bayou_lagoon_a,
          serial_bayou_pond_a, uniq_jessica
D:4:      layout_cave_pools, mainiacjoe_overflow_boulevard,
          lemuel_blue_sif_altar, kennysheep_opposing_triangles
D:5:      layout_basic, mainiacjoe_overflow_cross_hatched,
          chequers_serial_rivers_micro_e, uniq_grinder, uniq_pikel, uniq_edmund

Skill      XL: |  1  2  3  4  5  6 |
---------------+-------------------+-----
Stealth        | 6 7 8 9 |  9.3
Dodging        | 3 4 |  4.1
Fighting       | 2 |  2.6
Short Blades   | 3 |  3.6
Throwing       | |  2.3
Shields        | |  0.5

Action                   |  1- 3 |  4- 6 || total
-------------------------+-------+-------++-------
Melee: Dagger            |    67 |       ||    67
       Punch             |     2 |       ||     2
       Short sword       |    32 |   100 ||   132
       Bite              |       |     1 ||     1
Throw: Dart              |     7 |    16 ||    23
  Use: Scroll            |     1 |    11 ||    12
       Potion            |       |     3 ||     3
 Stab: Sleeping          |    17 |    11 ||    28
Armor: Robe              |    11 |    15 ||    26
Dodge: Dodged            |    58 |    80 ||   138
Block: Buckler           |       |    17 ||    17
